Cogmind - Beta 17 @@@ ROGUE MODE // 2026.06.25 @ 16:41:32 Player: ae Result: Escaped! Performance ------------- Evolutions (9) 4500 Regions Visited (17) 3400 Robots Destroyed (50) 250 Value Destroyed (1029) 1029 Prototype IDs (36) 720 Alien Tech Used (0) 0 Bonus (6648) 6648 TOTAL SCORE: 16547 Bonus ------- Follower Combat Kills 580 Entered DSFs 500 Aligned with FarCom 300 Win 3000 Win Speed 2660 Friendly Fire -392 Cogmind --------- Core Integrity 1600/1600 Matter 280/300 Energy 175/200 System Corruption 0% Temperature Cool (7) Movement Flying (24) Location To Epsilon Eridani Parts ------- > --- POWER (2) -------- Micro Antimatter Reactor Micro Antimatter Reactor > --- PROPULSION (8) --- Field Propulsion Drive Field Propulsion Drive Field Propulsion Drive Nuclear Pulse Array Impulse Thruster Impulse Thruster Impulse Thruster > --- UTILITY (13) ----- Advanced Power Amplifier Advanced Cooling System Medium Storage Unit Enhanced Optical Array Advanced Terrain Scanner ECM Suite Advanced Reaction Control System Improved Phase Shifter Graphene Brace Hacking Suite Hacking Suite Improved System Restoration Module Chronowheel > --- WEAPON (2) ------- Enhanced Nova Cannon Force Lance > --- INVENTORY (10) --- Micro Antimatter Reactor Field Propulsion Array Stasis Canceller Advanced Transmission Jammer Advanced Shield Generator Cooled Plasma Rifle Micro-nuke Launcher Ionic Axe Ionic Axe Peak State ------------ > --- POWER ------------ Micro Antimatter Reactor Micro Antimatter Reactor > --- PROPULSION ------- Field Propulsion Drive Field Propulsion Drive Field Propulsion Drive Nuclear Pulse Array Impulse Thruster Impulse Thruster Impulse Thruster > --- UTILITY ---------- Advanced Power Amplifier Advanced Cooling System Medium Storage Unit Enhanced Optical Array Advanced Terrain Scanner ECM Suite Advanced Reaction Control System Improved Phase Shifter Graphene Brace Hacking Suite Hacking Suite Improved System Restoration Module Chronowheel > --- WEAPON ----------- Enhanced Nova Cannon Force Lance > --- INVENTORY -------- Micro Antimatter Reactor Field Propulsion Array Stasis Canceller Advanced Transmission Jammer Advanced Shield Generator Cooled Plasma Rifle Micro-nuke Launcher Ionic Axe Ionic Axe [Rating: 159] Favorites ----------- Power Micro Antimatter Reactor Engine Light Deuterium Engine Power Core Light Fission Core Reactor Micro Antimatter Reactor Propulsion Field Propulsion Drive Treads Light Treads Flight Unit Field Propulsion Drive Utility Hacking Suite Device Advanced Cooling System Storage Medium Storage Unit Processor Advanced Terrain Scan Processor Hackware Hacking Suite Weapon Force Lance Energy Gun Gatling Laser Energy Cannon Enhanced Nova Cannon Ballistic Gun Assault Rifle Ballistic Cannon Heavy Gauss Cannon Impact Weapon Maul Slashing Weapon Ionic Axe Piercing Weapon Force Lance Build | -11 -10 -10 -10 -9 -8 -7 -6 -5 -4 -4 -4 -4 -4 -3 -3 -2 -1 ------- Run | Yrd Mat Min Exi Min Mat Fac Fac Fac Fac Was Fac Upp Upp Res DSF Res Acc Slots Evolved 18 | . . . . . 4 2 2 2 2 . . . . 2 . 2 2 Power 1 | . . . . . . . . 1 . . . . . . . . . Propulsion 6 | . . . . . 2 . 1 1 . . . . . 1 . 1 . Utility 11 | . . . . . 2 2 1 . 2 . . . . 1 . 1 2 Weapon . | . . . . . . . . . . . . . . . . . . Parts Attached 83 | 4 1 . . 2 4 11 6 7 25 . 1 1 1 1 3 8 8 Power 8 | . . . . . . 1 1 . 3 . 1 . . . 2 . . Engine 3 | . . . . . . . . . 3 . . . . . . . . Core 3 | . . . . . . 1 1 . . . 1 . . . . . . Reactor 2 | . . . . . . . . . . . . . . . 2 . . Propulsion 22 | 2 . . . . 2 5 1 2 7 . . . . 1 . 2 . Treads 5 | 2 . . . . 2 1 . . . . . . . . . . . Leg . | . . . . . . . . . . . . . . . . . . Wheel . | . . . . . . . . . . . . . . . . . . Hover . | . . . . . . . . . . . . . . . . . . Flight 17 | . . . . . . 4 1 2 7 . . . . 1 . 2 . Utility 37 | 1 1 . . 1 1 5 3 3 11 . . 1 1 . 1 3 5 Device 21 | 1 . . . . . 1 2 2 5 . . 1 1 . 1 3 4 Storage 1 | . . . . . . 1 . . . . . . . . . . . Processor 9 | . 1 . . 1 1 3 . 1 1 . . . . . . . 1 Hackware 6 | . . . . . . . 1 . 5 . . . . . . . . Protection . | . . . . . . . . . . . . . . . . . . Artifact . | . . . . . . . . . . . . . . . . . . Weapon 16 | 1 . . . 1 1 . 1 2 4 . . . . . . 3 3 Energy Gun 3 | . . . . . 1 . 1 . . . . . . . . . 1 Energy Cannon 3 | . . . . . . . . 1 . . . . . . . 1 1 Ballistic Gun 2 | 1 . . . . . . . . . . . . . . . 1 . Ballistic Cannon 1 | . . . . . . . . . 1 . . . . . . . . Launcher . | . . . . . . . . . . . . . . . . . . Special Weapon . | . . . . . . . . . . . . . . . . . . Impact Weapon 1 | . . . . 1 . . . . . . . . . . . . . Slashing Weapon 4 | . . . . . . . . 1 2 . . . . . . . 1 Piercing Weapon 2 | . . . . . . . . . 1 . . . . . . 1 . Special Melee Weapon . | . . . . . . . . . . . . . . . . . . Unidentified Prototypes 10 | . . . . . 1 . . 1 3 . . . . . . 3 2 Parts Lost 9 | . . . . . 2 . 2 2 1 . . . 1 . . . 1 Power 3 | . . . . . . . 1 1 . . . . 1 . . . . Propulsion 3 | . . . . . 1 . 1 1 . . . . . . . . . Utility 3 | . . . . . 1 . . . 1 . . . . . . . 1 Weapon . | . . . . . . . . . . . . . . . . . . Highest Loss Streak 2 | . . . . . 1 . 1 2 1 . . . 1 . . . 1 To Critical Strikes . | . . . . . . . . . . . . . . . . . . Average Backups 7 | 2 3 3 3 4 4 5 7 9 9 9 9 9 9 8 7 9 8 Power . | 1 2 2 2 2 2 1 . . . 1 . . . . . 1 1 Propulsion 1 | . . . . . . 2 1 . 1 2 2 2 2 1 1 2 . Utility 2 | . . . . . . . 4 6 3 2 3 4 4 4 2 2 2 Weapon 1 | . 1 1 1 1 . . . . 1 2 2 2 2 2 2 3 3 Tool/Special . | . . . . . . . . . . . . . . . . . . Unused Backups 23 | . . . 3 . 1 1 2 3 6 . 1 1 . . 1 1 3 Power 6 | . . . 3 . . 1 . . 1 . . . . . . . 1 Propulsion 1 | . . . . . . . . . . . . . . . . . 1 Utility 13 | . . . . . . . 2 3 5 . . 1 . . 1 1 . Weapon 2 | . . . . . 1 . . . . . . . . . . . 1 Tool/Special 1 | . . . . . . . . . . . 1 . . . . . . Average Slot Usage (%) 81 | . 64 71 71 71 41 51 90 81 87 94 94 94 92 90 95 90 93 Engine 2 | . . . . . . . . . 8 10 5 5 3 4 4 . . Core 1 | . . . . . . . 6 4 . . 4 5 5 4 4 . . Reactor 1 | . . . . . . . . . . . . . . . . 8 8 Treads 4 | . 28 28 28 28 18 7 . . . . . . . . . . . Flight 21 | . . . . . . 11 32 29 26 26 26 26 26 28 28 26 28 Device 15 | . 14 14 14 9 . 3 10 8 11 21 21 21 21 19 23 25 33 Storage 3 | . . . . . . 4 6 5 5 5 5 5 5 4 4 4 4 Processor 10 | . 7 14 14 18 13 20 26 18 10 5 5 5 5 4 4 4 4 Hackware 8 | . . . . . . . 1 5 17 15 15 15 15 14 14 13 8 Ballistic Gun 1 | . 14 14 14 9 . . . . . . . . . . . . . Slashing Weapon 2 | . . . . . . . . 4 5 5 5 5 5 4 4 . . Piercing Weapon 2 | . . . . . . . . . 1 5 5 5 5 4 4 4 4 Peak Build Rating 159 | 4 6 6 8 9 12 39 57 68 103 103 107 107 107 108 124 147 159 Average Rating 76 | 2 5 6 7 8 8 19 52 57 84 103 106 107 101 108 115 136 149 On Entrance 60 | . 4 6 6 8 9 12 39 52 63 103 103 107 107 101 108 124 138 Avg Prop Armor Cover (%) 30 | 32 29 29 29 31 36 40 . . 13 . . . . . 5 5 . Naked Turns . | . . . . . . . . . . . . . . . . . . Heaviest Build 62 | 3 3 3 3 3 3 16 28 24 38 38 42 42 42 39 47 61 62 Greatest Support 63 | 3 3 3 3 3 3 24 34 41 43 43 43 43 43 50 50 63 63 Greatest Overweight (x) 1 | . . . . . . . . . . . . . . . 1 . . Average Overweight (x) . | . . . . . . . . . . . . . . . . . . Largest Inventory Capacity 10 | 5 5 5 5 5 5 10 10 10 10 10 10 10 10 10 10 10 10 Average Capacity 8 | 5 5 5 5 5 5 8 10 10 10 10 10 10 10 10 10 10 10 Most Carried 10 | 3 3 5 5 5 5 8 10 10 10 10 10 10 10 9 10 10 10 Average Carried 8 | 2 3 4 4 5 4 5 7 9 9 10 10 10 10 9 8 9 9 Final Capacity 10 | 5 5 5 5 5 5 10 10 10 10 10 10 10 10 10 10 10 10 Final Carried 10 | 3 3 5 5 5 5 4 10 10 10 10 10 10 10 9 10 8 10 Class Distribution -------------------- 43% | Hacker-Sprinter 22% | Mutant 19% | Scout 5% | Scientist-Ninja Dominant Class ---------------- Mutant | -10/Materials Mutant | -10/Mines Mutant | -10/Exiles Mutant | -9/Mines Mutant | -8/Materials Mutant | -7/Factory Scout | -6/Factory Scout | -5/Factory Hacker-Sprinter | -4/Factory Hacker-Sprinter | -4/Waste Hacker-Sprinter | -4/Factory Hacker-Sprinter | -4/Upper Caves Hacker-Sprinter | -4/Upper Caves Hacker-Sprinter | -3/Research Hacker-Mutant | -3/DSF Hacker-Sprinter | -2/Research Scientist-Ninja | -1/Access Resources | -11 -10 -10 -10 -9 -8 -7 -6 -5 -4 -4 -4 -4 -4 -3 -3 -2 -1 ----------- Run | Yrd Mat Min Exi Min Mat Fac Fac Fac Fac Was Fac Upp Upp Res DSF Res Acc Matter Collected 1275 | 248 20 51 . 20 35 80 81 79 321 10 10 10 . . . 240 70 Remotely . | . . . . . . . . . . . . . . . . . . Salvage Created 2442 | 93 20 . . . 364 96 81 132 802 126 25 304 . . . 258 141 Parts 97 | 8 1 . . . 4 3 . 3 39 5 3 8 . . . 11 12 Haulers Intercepted 6 | . . . . . 1 2 1 1 . . . . . . . 1 . Recyclers Shooed 4 | . . 1 . . 2 . . . . . . . . . . 1 . Parts Field Recycled . | . . . . . . . . . . . . . . . . . . Retrieved Matter . | . . . . . . . . . . . . . . . . . . Parts Self-Destructed 17 | . . . . . . . . . . . . 17 . . . . . Prevented 4 | . . . . . . . . . . . . 2 2 . . . . Parts Restored . | . . . . . . . . . . . . . . . . . . Kills | -11 -10 -10 -10 -9 -8 -7 -6 -5 -4 -4 -4 -4 -4 -3 -3 -2 -1 ------- Run | Yrd Mat Min Exi Min Mat Fac Fac Fac Fac Was Fac Upp Upp Res DSF Res Acc Combat Hostiles Destroyed 6 | . . . . . 1 . . . 2 . . 2 . . . . 1 Melee 4 | . . . . . . . . . 1 . . 2 . . . . 1 AOE 1 | . . . . . . . . . 1 . . . . . . . . Classes Destroyed 15 | 2 1 . . . 6 . . . 2 1 . 2 . . . . 1 Worker 7 | . . . . . 1 . . 1 3 . . . . . . 1 1 Builder 4 | . . . . . 2 . . . 2 . . . . . . . . Tunneler 5 | 2 . . . . . . . . 3 . . . . . . . . Hauler 6 | . . . . . 1 2 1 1 . . . . . . . 1 . Recycler 7 | 1 . . . . 2 . . . 3 . . . . . . 1 . Mechanic 1 | . . . . . 1 . . . . . . . . . . . . Operator 9 | . . . . . 1 . . . 4 . 1 . . . . 1 2 Drone 1 | . . . . . . . . . . . . . . . . . 1 Watcher 3 | . 1 . . . 1 . . . . . . . . . . . 1 Swarmer 1 | . . . . . . . . . . . . 1 . . . . . Grunt 2 | . . . . . . . . . 2 . . . . . . . . Brawler 1 | . . . . . 1 . . . . . . . . . . . . Duelist 1 | . . . . . . . . . 1 . . . . . . . . Hunter 1 | . . . . . . . . . . . . 1 . . . . . Martyr 2 | . . . . . . . . . . 2 . . . . . . . Best Kill Streak 4 | 3 1 . . . 4 2 1 1 4 . 1 1 . . . 2 3 Combat Bots Only 2 | . . . . . 1 . . . 2 . . 1 . . . . 1 Max Kills in Single Turn 3 | 1 1 . . . 1 1 1 1 3 1 1 1 . . . 1 1 Gunslinging . | . . . . . . . . . . . . . . . . . . Exploded 1 | . . . . . . . . . 1 . . . . . . . . Melee 1 | . . . . . . . . . 1 . . 1 . . . . 1 Uniques/NPCs Destroyed . | . . . . . . . . . . . . . . . . . . Combat | -11 -10 -10 -10 -9 -8 -7 -6 -5 -4 -4 -4 -4 -4 -3 -3 -2 -1 -------- Run | Yrd Mat Min Exi Min Mat Fac Fac Fac Fac Was Fac Upp Upp Res DSF Res Acc Hostile Shots Fired 186 | . 2 9 . . 38 22 61 9 8 . . 13 3 . 1 8 12 Missed 114 | . 1 4 . . 14 16 44 5 5 . . 8 1 . . 7 9 Hits 72 | . 1 5 . . 24 6 17 4 3 . . 5 2 . 1 1 3 Melee 2 | . . . . . 2 . . . . . . . . . . . . Projectile 70 | . 1 5 . . 22 6 17 4 3 . . 5 2 . 1 1 3 Critical Strikes 4 | . . . . . 2 . 1 . . . . . . . . . 1 Actively Blocked 1 | . . . . . . . . . . . . . . . . . 1 Damage Taken 1355 | . 23 61 . . 418 59 172 224 57 . 15 122 60 . 71 26 47 Core 263 | . . 24 . . 74 10 21 89 18 . . 18 9 . . . . Absorbed by Shields . | . . . . . . . . . . . . . . . . . . Regen/Repaired (Parts) 89 | . . . . . . . 15 . 27 . . 21 . . . 26 . Core Remaining (%) 95 | 100 . . . 90 86 98 97 91 . . . . 96 . 100 100 100 Volleys Fired 64 | 16 4 3 . . . . 8 . 3 . . . . . . 8 22 Largest 1 | 1 1 1 . . . . 1 . 1 . . . . . . 1 1 Hottest 120 | 20 20 20 . . . . 80 . 51 . . . . . . 120 120 Shots Fired 63 | 16 4 3 . . . . 8 . 3 . . . . . . 8 21 Gun 45 | 16 4 3 . . . . 8 . . . . . . . . . 14 Cannon 18 | . . . . . . . . . 3 . . . . . . 8 7 Launcher . | . . . . . . . . . . . . . . . . . . Special . | . . . . . . . . . . . . . . . . . . Kinetic 26 | 16 4 3 . . . . . . 3 . . . . . . . . Thermal 37 | . . . . . . . 8 . . . . . . . . 8 21 Explosive . | . . . . . . . . . . . . . . . . . . Electromagnetic . | . . . . . . . . . . . . . . . . . . Robot Hit Streak 11 | 8 2 3 . . . . 11 . 4 . . . . . . . 1 Robot Miss Streak 2 | 2 1 . . . . . 2 . . . . . . . . . 1 Penetration Max . | . . . . . . . . . . . . . . . . . . Secondary Targets . | . . . . . . . . . . . . . . . . . . Shots Hit Robots 104 | 11 2 3 . . 19 2 8 8 26 3 1 10 . . . 6 5 Core Hits 44 | 4 2 . . . 4 . 4 2 13 2 1 5 . . . 2 5 Critical Kills 2 | . . . . . 2 . . . . . . . . . . . . Critical Parts Destroyed 6 | . . . . . 4 2 . . . . . . . . . . . Critical Strikes 12 | . . . . . 7 2 . 1 . 1 . . . . . . 1 Smash 9 | . . . . . 7 2 . . . . . . . . . . . Sever 1 | . . . . . . . . 1 . . . . . . . . . Impale 2 | . . . . . . . . . . 1 . . . . . . 1 Melee Attacks 198 | . . . . . 31 4 . 36 50 3 4 25 . . 5 23 17 Impact 35 | . . . . . 31 4 . . . . . . . . . . . Slashing 81 | . . . . . . . . 36 37 . . 6 . . . 1 1 Piercing 82 | . . . . . . . . . 13 3 4 19 . . 5 22 16 Sneak Attacks 36 | . . . . . 9 2 . 3 12 3 . . . . . 5 2 Combat Hostiles . | . . . . . . . . . . . . . . . . . . Follow-up Attacks 3 | . . . . . . . . . 1 . . 2 . . . . . Damage Inflicted 6493 | 142 25 38 . . 1044 160 223 511 2286 192 93 746 . . . 559 474 Guns 478 | 142 25 38 . . . . 223 . . . . . . . . . 50 Cannons 98 | . . . . . . . . . 98 . . . . . . . . Explosions 608 | . . . . . . . . . 608 . . . . . . . . Melee 5309 | . . . . . 1044 160 . 511 1580 192 93 746 . . . 559 424 Ramming . | . . . . . . . . . . . . . . . . . . Kinetic 303 | 142 25 38 . . . . . . 98 . . . . . . . . Thermal 881 | . . . . . . . 223 . 608 . . . . . . . 50 Explosive . | . . . . . . . . . . . . . . . . . . Electromagnetic . | . . . . . . . . . . . . . . . . . . Impact 1204 | . . . . . 1044 160 . . . . . . . . . . . Slashing 2006 | . . . . . . . . 511 1396 . . 99 . . . . . Piercing 2099 | . . . . . . . . . 184 192 93 647 . . . 559 424 Highest Corruption 1 | . . . . . 1 . . . . . . . . . . . 1 Average Corruption 1 | . . . . . 1 . . . . . . . . . . . 1 Corruption Purged 1 | . . . . . . . . . . . . . . . . . 1 Corruption Blocked . | . . . . . . . . . . . . . . . . . . Effects 2 | . . . . . 1 . . . . . . . . . . . 1 Parts Fused 1 | . . . . . 1 . . . . . . . . . . . . Weapon Failures 1 | . . . . . . . . . . . . . . . . . 1 Overload Shots 14 | . . . . . . . . . . . . . . . . . 14 Effects 2 | . . . . . . . . . . . . . . . . . 2 Heat Surge 2 | . . . . . . . . . . . . . . . . . 2 Overflow Damage 1533 | . . . . . 433 160 . 119 467 29 . 65 . . . 260 . Projectiles . | . . . . . . . . . . . . . . . . . . Explosions 129 | . . . . . . . . . 129 . . . . . . . . Melee 1404 | . . . . . 433 160 . 119 338 29 . 65 . . . 260 . Knockbacks 7 | . . . . . 6 . . . 1 . . . . . . . . Impact 6 | . . . . . 6 . . . . . . . . . . . . Kinetic 1 | . . . . . . . . . 1 . . . . . . . . Secondary . | . . . . . . . . . . . . . . . . . . Self-Inflicted Damage . | . . . . . . . . . . . . . . . . . . Shots . | . . . . . . . . . . . . . . . . . . Rammed . | . . . . . . . . . . . . . . . . . . Targets Rammed . | . . . . . . . . . . . . . . . . . . Kicked . | . . . . . . . . . . . . . . . . . . Crushed . | . . . . . . . . . . . . . . . . . . Highest Temperature 405 | . . . . . 5 1 184 . 19 . 1 10 1 . . 60 405 Average Temperature 41 | . . . . . 5 1 70 . 7 . 1 1 1 . . 21 83 Received Heat Transfer 327 | . 6 36 . . 153 21 54 . 21 . . 18 9 . . 9 . Siege Activations . | . . . . . . . . . . . . . . . . . . Martial Activations . | . . . . . . . . . . . . . . . . . . Shielding Activations . | . . . . . . . . . . . . . . . . . . Robots Disrupted . | . . . . . . . . . . . . . . . . . . Combat Hostiles . | . . . . . . . . . . . . . . . . . . Robots Corrupted 7 | . . . . . 5 2 . . . . . . . . . . . Combat Hostiles 1 | . . . . . 1 . . . . . . . . . . . . Parts Fried 8 | . . . . . 5 3 . . . . . . . . . . . Impact Corruptions 20 | . . . . . 17 3 . . . . . . . . . . . Robots Melted 1 | . . . . . . . 1 . . . . . . . . . . Combat Hostiles . | . . . . . . . . . . . . . . . . . . Parts Melted 3 | . . . . . . . 3 . . . . . . . . . . Heat Transferred 930 | . . . . . . . 500 . 350 . . . . . . . 80 Parts Sabotaged . | . . . . . . . . . . . . . . . . . . Parts Stolen . | . . . . . . . . . . . . . . . . . . Parts Stripped . | . . . . . . . . . . . . . . . . . . Power Chain Reactions . | . . . . . . . . . . . . . . . . . . Alert | -11 -10 -10 -10 -9 -8 -7 -6 -5 -4 -4 -4 -4 -4 -3 -3 -2 -1 ------- Run | Yrd Mat Min Exi Min Mat Fac Fac Fac Fac Was Fac Upp Upp Res DSF Res Acc Maximum Alert Level 1 | . . . . . . . . . 1 . . . . . . . 1 Low Security (%) 80 | 100 100 100 . 100 100 100 100 100 27 100 100 . . 100 100 100 51 Level 1 19 | . . . . . . . . . 72 . . . . . . . 48 Level 2 . | . . . . . . . . . . . . . . . . . . Level 3 . | . . . . . . . . . . . . . . . . . . Level 4 . | . . . . . . . . . . . . . . . . . . Level 5 . | . . . . . . . . . . . . . . . . . . High Security . | . . . . . . . . . . . . . . . . . . Max Security . | . . . . . . . . . . . . . . . . . . Peak Influence 321 | 15 15 45 . . 126 80 65 26 321 104 104 . . . 9 36 246 Initial 104 | . 3 . . . . 52 39 26 . 104 2 . . . 1 4 10 Average 69 | 2 4 18 . . 40 17 18 7 192 57 38 . . . 5 11 144 Influence Increases 2404 | 15 22 65 . . 241 106 135 96 578 40 128 355 53 2 8 155 405 Destroy 0b10 Robot/C 300 | . . . . . 20 . . . 40 . 40 160 40 . . . . Destroy 0b10 Robot/NC 225 | 15 5 . . . 45 10 5 10 75 . 10 5 . . . 20 25 Destroy Leader 78 | . 2 . . . 14 4 2 2 . . 10 30 10 . . 2 2 Allied During Kill 227 | . . . . . . . . . 4 . 60 160 3 . . . . Trap Triggered on 0b10 30 | . . 20 . . 10 . . . . . . . . . . . . Successful Hack 208 | . . . . . 8 . 8 19 74 . . . . 2 . 49 48 Disable Machine 255 | . . . . . . . . 15 165 . . . . . . 15 60 Anti-Garrison Action 150 | . . . . . . . . . . . . . . . . . 150 Destroy Structure 316 | . . . . . 9 2 . 50 70 40 8 . . . 8 39 90 Partial Spotted 135 | . . . . . . . 15 . 60 . . . . . . 30 30 Lose Combat Pursuer 480 | . 15 45 . . 135 90 105 . 90 . . . . . . . . Influence Decreases 2179 | 10 27 60 5 . 125 142 160 151 279 335 58 309 173 . 1 146 198 Entered New Map 404 | . 2 . 5 . . 64 41 29 . 195 2 29 23 . 1 5 8 Time Decay 1432 | 10 25 60 . . 105 78 104 113 279 120 44 160 23 . . 131 180 Lost Part 64 | . . . . . 20 . 15 9 . . . . 10 . . . 10 Lost Ally 279 | . . . . . . . . . . 20 12 120 117 . . 10 . Squads Dispatched 25 | . 1 . . . 2 3 3 2 5 . . . . . 1 2 6 Investigation 8 | . 1 . . . 1 1 1 1 1 . . . . . . 1 1 Extermination 6 | . . . . . . . 1 . 2 . . . . . . 1 2 Reinforcement 8 | . . . . . 1 2 1 1 1 . . . . . 1 . 1 Assault 2 | . . . . . . . . . . . . . . . . . 2 Garrison 1 | . . . . . . . . . 1 . . . . . . . . Intercept . | . . . . . . . . . . . . . . . . . . Searches Triggered . | . . . . . . . . . . . . . . . . . . Construction Impeded . | . . . . . . . . . . . . . . . . . . Haulers Reinforced . | . . . . . . . . . . . . . . . . . . Active Scanning Responses . | . . . . . . . . . . . . . . . . . . Cargo Convoy Interrupts . | . . . . . . . . . . . . . . . . . . Stealth | -11 -10 -10 -10 -9 -8 -7 -6 -5 -4 -4 -4 -4 -4 -3 -3 -2 -1 --------- Run | Yrd Mat Min Exi Min Mat Fac Fac Fac Fac Was Fac Upp Upp Res DSF Res Acc Distress Signals 7 | . . . . . 2 . . 1 4 . . . . . . . . Communications Jammed 5 | . . . . . . . . . . . . . . . . . 5 Distress Signals . | . . . . . . . . . . . . . . . . . . Times Spotted 119 | . 4 3 . . 19 17 16 7 18 6 3 8 1 . 2 9 6 Peak Tracking Total 10 | . 2 2 . . 8 9 10 8 4 6 2 4 1 . 2 5 4 Tactical Retreats 21 | . 1 2 . . 4 2 3 . 4 1 . . 1 . 1 1 1 ECM-based Alert Blocks 11 | . . . . . . . . . . . . . 1 . 2 5 3 Traps | -11 -10 -10 -10 -9 -8 -7 -6 -5 -4 -4 -4 -4 -4 -3 -3 -2 -1 ------- Run | Yrd Mat Min Exi Min Mat Fac Fac Fac Fac Was Fac Upp Upp Res DSF Res Acc Traps Triggered 12 | . 2 . . . 1 1 2 2 2 . . . . . . 2 . Indirectly . | . . . . . . . . . . . . . . . . . . Trap Hack Attempts . | . . . . . . . . . . . . . . . . . . Triggered . | . . . . . . . . . . . . . . . . . . Disarmed . | . . . . . . . . . . . . . . . . . . Reprogrammed . | . . . . . . . . . . . . . . . . . . Reused 3 | . . 2 . . 1 . . . . . . . . . . . . Traps Extracted . | . . . . . . . . . . . . . . . . . . Installed 4 | . . 3 . . 1 . . . . . . . . . . . . Triggered 3 | . . 2 . . 1 . . . . . . . . . . . . Most Traps Carried 2 | . . 2 1 1 1 . . . . . . . . . . . . Machines | -11 -10 -10 -10 -9 -8 -7 -6 -5 -4 -4 -4 -4 -4 -3 -3 -2 -1 ---------- Run | Yrd Mat Min Exi Min Mat Fac Fac Fac Fac Was Fac Upp Upp Res DSF Res Acc Machines Disabled 18 | . . . . . . . . 1 11 . . . . . . 1 5 Max in Single Turn 10 | . . . . . . . . 1 10 . . . . . . 1 1 Garrison Access 3 | . . . . . 1 . . . . . 1 . . . . . 1 Energy Cycler 1 | . . . . . . . . . . . . . . . . . 1 Machines Repaired . | . . . . . . . . . . . . . . . . . . Machines Dismantled . | . . . . . . . . . . . . . . . . . . Machines Sabotaged . | . . . . . . . . . . . . . . . . . . Overloaded Fab Kills . | . . . . . . . . . . . . . . . . . . Hacking | -11 -10 -10 -10 -9 -8 -7 -6 -5 -4 -4 -4 -4 -4 -3 -3 -2 -1 --------- Run | Yrd Mat Min Exi Min Mat Fac Fac Fac Fac Was Fac Upp Upp Res DSF Res Acc Machines Accessed 57 | . 1 . 1 . 5 6 8 8 12 . 3 . . 1 . 7 5 Terminals 36 | . 1 . . . 3 4 5 5 7 . 2 . . 1 . 5 3 Fabricators 2 | . . . . . . . . 2 . . . . . . . . . Repair Stations 3 | . . . . . . 1 1 . 1 . . . . . . . . Recycling Units 4 | . . . . . . 1 1 . 2 . . . . . . . . Scanalyzers 6 | . . . . . 1 . 1 . 1 . . . . . . 2 1 Garrison Access 5 | . . . . . 1 . . 1 1 . 1 . . . . . 1 Total Hacks 144 | . 2 . 1 . 18 13 16 23 41 . 3 . . 1 . 17 9 Successful 57 | . 1 . 1 . 8 4 5 9 13 . 2 . . 1 . 10 3 Failed 86 | . 1 . . . 10 9 11 14 28 . 1 . . . . 6 6 Catastrophic 19 | . . . . . . 2 4 5 6 . 1 . . . . . 1 Database Lockouts 1 | . . . . . . . . . . . . . . . . 1 . Manual 55 | . 2 . 1 . 4 6 7 8 16 . 2 . . . . 7 2 Terminals 102 | . 2 . . . 15 10 12 15 30 . 2 . . 1 . 10 5 Fabricators 7 | . . . . . . . . 7 . . . . . . . . . Repair Stations 5 | . . . . . . 2 1 . 2 . . . . . . . . Recycling Units 4 | . . . . . . 1 1 . 2 . . . . . . . . Scanalyzers 17 | . . . . . 2 . 2 . 4 . . . . . . 7 2 Garrison Access 8 | . . . . . 1 . . 1 3 . 1 . . . . . 2 Terminal Hacks 24 | . . . 1 . 3 2 2 5 5 . . . . 1 . 4 1 Part Schematic 1 | . . . . . . . . 1 . . . . . . . . . Robot Analysis 2 | . . . . . 1 . . 1 . . . . . . . . . Prototype ID Bank 1 | . . . . . . . . . 1 . . . . . . . . Open Door 2 | . . . . . . . . 1 . . . . . . . . 1 Open DSF 3 | . . . . . . . . 1 . . . . . 1 . 1 . Level Access Points 2 | . . . . . . . . 1 . . . . . . . 1 . Branch Access Points 3 | . . . . . . . 1 . 2 . . . . . . . . Machine Index 1 | . . . . . . . . . . . . . . . . 1 . Terminal Index 1 | . . . . . . 1 . . . . . . . . . . . Locate Traps 2 | . . . . . . . 1 . 1 . . . . . . . . Recall Investigation 1 | . . . . . . 1 . . . . . . . . . . . Recall Extermination 1 | . . . . . . . . . . . . . . . . 1 . Registered Components 2 | . . . . . 1 . . . 1 . . . . . . . . Zone Layout 1 | . . . . . 1 . . . . . . . . . . . . Proto ID Catalog 1 | . . . 1 . . . . . . . . . . . . . . Fabricator Hacks 1 | . . . . . . . . 1 . . . . . . . . . Network Status 1 | . . . . . . . . 1 . . . . . . . . . Repair Station Hacks 2 | . . . . . . . . . 2 . . . . . . . . Scan Component 1 | . . . . . . . . . 1 . . . . . . . . Repair 1 | . . . . . . . . . 1 . . . . . . . . Recycling Unit Hacks 1 | . . . . . . . . . 1 . . . . . . . . Retrieve Components 1 | . . . . . . . . . 1 . . . . . . . . Scanalyzer 10 | . . . . . 2 . 1 . 2 . . . . . . 4 1 Retrieve Study 10 | . . . . . 2 . 1 . 2 . . . . . . 4 1 Garrison Access Hacks 2 | . . . . . 1 . . . . . 1 . . . . . . Seal Access 2 | . . . . . 1 . . . . . 1 . . . . . . Unauthorized Hacks 17 | . 1 . . . 2 2 2 3 3 . 1 . . . . 2 1 Terminals 15 | . 1 . . . 2 2 1 2 3 . 1 . . . . 2 1 Botnet 14 | . 1 . . . 2 1 1 2 3 . 1 . . . . 2 1 Disrupt 1 | . . . . . . 1 . . . . . . . . . . . Fabricators 1 | . . . . . . . . 1 . . . . . . . . . Fabnet 1 | . . . . . . . . 1 . . . . . . . . . Repair Stations 1 | . . . . . . . 1 . . . . . . . . . . Patch 1 | . . . . . . . 1 . . . . . . . . . . Recycling Units . | . . . . . . . . . . . . . . . . . . Scanalyzers . | . . . . . . . . . . . . . . . . . . Garrison Access . | . . . . . . . . . . . . . . . . . . Data Cores Recovered 4 | . . . . . . . . . 2 . 1 . . . . . 1 Used 1 | . . . . . . . . . 1 . . . . . . . . Hacking Detections 46 | . . . . . 4 6 7 7 10 . 1 . . 1 . 6 4 Full Trace Events 6 | . . . . . 2 1 . . 1 . . . . . . 1 1 Feedback Events 2 | . . . . . . . . . . . . . . . . . 2 Corruption 1 | . . . . . . . . . . . . . . . . . 1 Hackware Fried 1 | . . . . . . . . . . . . . . . . . 1 Feedback Blocked . | . . . . . . . . . . . . . . . . . . Robot Schematics Acquired . | . . . . . . . . . . . . . . . . . . Robots Built . | . . . . . . . . . . . . . . . . . . Authchips . | . . . . . . . . . . . . . . . . . . Time . | . . . . . . . . . . . . . . . . . . Total Robot Build Rating . | . . . . . . . . . . . . . . . . . . Part Schematics Acquired 1 | . . . . . . . . 1 . . . . . . . . . Parts Built . | . . . . . . . . . . . . . . . . . . Authchips . | . . . . . . . . . . . . . . . . . . Time . | . . . . . . . . . . . . . . . . . . Total Part Build Rating . | . . . . . . . . . . . . . . . . . . Part Studies Acquired 10 | . . . . . 2 . 1 . 2 . . . . . . 4 1 Parts Repaired 1 | . . . . . . . . . 1 . . . . . . . . Time 19 | . . . . . . . . . 19 . . . . . . . . Parts Recycled . | . . . . . . . . . . . . . . . . . . Recycled Matter . | . . . . . . . . . . . . . . . . . . Retrieved Matter . | . . . . . . . . . . . . . . . . . . Retrieved Components 3 | . . . . . . . . . 3 . . . . . . . . Parts Scanalyzed . | . . . . . . . . . . . . . . . . . . Part Schematics Acquired . | . . . . . . . . . . . . . . . . . . Parts Damaged . | . . . . . . . . . . . . . . . . . . Bothacking | -11 -10 -10 -10 -9 -8 -7 -6 -5 -4 -4 -4 -4 -4 -3 -3 -2 -1 ------------ Run | Yrd Mat Min Exi Min Mat Fac Fac Fac Fac Was Fac Upp Upp Res DSF Res Acc Used RIF Installer . | . . . . . . . . . . . . . . . . . . Robots Hacked 1 | . . . . . . . . . 1 . . . . . . . . Non-combat . | . . . . . . . . . . . . . . . . . . Combat 1 | . . . . . . . . . 1 . . . . . . . . Robot Hacks Applied . | . . . . . . . . . . . . . . . . . . Relay Couplers Released 5 | . . . . . 3 . . . . . . . . . . . 2 Machine Destruction 5 | . . . . . 3 . . . . . . . . . . . 2 Fabnet Peak Effective % 3 | . . . . . . . . . 3 3 3 3 3 1 1 . . Autooverrided 1 | . . . . . . . . . 1 . . . . . . . . Robots Rewired . | . . . . . . . . . . . . . . . . . . Allies Hacked . | . . . . . . . . . . . . . . . . . . Hacks Repelled . | . . . . . . . . . . . . . . . . . . Allies | -11 -10 -10 -10 -9 -8 -7 -6 -5 -4 -4 -4 -4 -4 -3 -3 -2 -1 -------- Run | Yrd Mat Min Exi Min Mat Fac Fac Fac Fac Was Fac Upp Upp Res DSF Res Acc Total Allies 21 | . . . . . . . . . 1 20 . . . . . . . Largest Group 19 | . . . . . . . . . 1 19 17 16 9 1 1 1 . Highest-Rated Group 684 | . . . . . . . . . 47 684 584 559 357 26 26 26 . Highest-Rated Ally 50 | . . . . . . . . . 47 50 46 46 46 26 26 26 . Total Orders 2 | . . . . . . . 2 . . . . . . . . . . EXPLORE 1 | . . . . . . . 1 . . . . . . . . . . RETURN 1 | . . . . . . . 1 . . . . . . . . . . Ally Attacks 244 | . . . . . . . . . 5 114 39 67 19 . . . . Total Damage 5574 | . . . . . . . . . 140 3310 448 1060 616 . . . . Kills 19 | . . . . . . . . . . 6 3 7 3 . . . . Allies Corrupted . | . . . . . . . . . . . . . . . . . . Allies Melted 1 | . . . . . . . . . . . . 1 . . . . . Intel | -11 -10 -10 -10 -9 -8 -7 -6 -5 -4 -4 -4 -4 -4 -3 -3 -2 -1 ------- Run | Yrd Mat Min Exi Min Mat Fac Fac Fac Fac Was Fac Upp Upp Res DSF Res Acc Active Infowar (turns) 3508 | 1 87 143 109 20 154 150 283 305 616 259 129 320 119 3 52 394 364 Optics 2705 | . 47 143 109 20 154 . . . 592 259 129 320 119 3 52 394 364 Terrain 1173 | . . . . . . 150 283 305 78 . . . . . . . 357 Traps 16 | . . . . . . . 16 . . . . . . . . . . Seismic 354 | 1 87 143 109 14 . . . . . . . . . . . . . Jamming 252 | . . . . . . . . . . . . . . . . 37 215 ECM 458 | . . . . . . . . . . . . . 91 3 52 125 187 Robot Analysis Total 2 | . . . . . 1 . . 1 . . . . . . . . . Derelict Logs Recovered 1 | . . . . . . . . . . . . 1 . . . . . Drone Launches 2 | . . . . . . . 2 . . . . . . . . . . Drone Recoveries . | . . . . . . . . . . . . . . . . . . Exploration | -11 -10 -10 -10 -9 -8 -7 -6 -5 -4 -4 -4 -4 -4 -3 -3 -2 -1 ------------- Run | Yrd Mat Min Exi Min Mat Fac Fac Fac Fac Was Fac Upp Upp Res DSF Res Acc Turns Passed 3915 | 63 87 143 109 20 297 294 283 305 674 259 129 320 119 3 52 394 364 Spaces Moved 6711 | 44 154 236 208 31 363 558 756 556 1382 243 256 416 125 6 58 700 619 Core 1202 | 44 154 236 208 31 363 166 . . . . . . . . . . . Treads . | . . . . . . . . . . . . . . . . . . Legs . | . . . . . . . . . . . . . . . . . . Wheels . | . . . . . . . . . . . . . . . . . . Hover . | . . . . . . . . . . . . . . . . . . Flight 5509 | . . . . . . 392 756 556 1382 243 256 416 125 6 58 700 619 Fastest Speed 24 | 50 50 50 50 50 50 29 27 28 24 31 31 31 31 27 27 24 24 Average Speed 32 | 50 50 50 50 50 50 38 27 28 29 31 31 31 31 27 47 26 24 Slowest Speed 111 | 50 50 50 50 50 50 50 31 31 37 31 31 31 31 27 111 31 24 Overloaded Moves . | . . . . . . . . . . . . . . . . . . Propulsion Burnouts . | . . . . . . . . . . . . . . . . . . Robots Hopped 21 | . . . . . . 2 8 . 2 4 . . 4 . . . 1 Potential Cave-ins . | . . . . . . . . . . . . . . . . . . Cave-ins Triggered . | . . . . . . . . . . . . . . . . . . Exploration Rate (%) 32 | 3 28 53 63 8 36 20 29 17 41 90 7 57 16 1 87 20 14 Regions Visited 17 Branch Regions 5 Pre-discovered Areas 1 | . . . . . . . . . . . . 1 . . . . . Known Exits Taken 6 | . . . . 1 1 . . 1 . . 1 . . 1 . 1 . Unknown Exits Taken 8 | 1 1 1 1 . . 1 1 . . . . 1 1 . . . . Scrap Searched 5 | . . 1 . 1 . . . . . . . 3 . . . . . Spaces Dug 80 | . . . . . 9 2 . 25 17 . 2 1 . . 4 12 8 Terrain Destroyed 128 | . . . . . 9 2 . 25 37 . 2 1 . . 4 19 29 Melee 78 | . . . . . 9 2 . 25 17 . 2 1 . . 4 11 7 Projectile 14 | . . . . . . . . . . . . . . . . 8 6 AOE 36 | . . . . . . . . . 20 . . . . . . . 16 Terrain Rammed . | . . . . . . . . . . . . . . . . . . Walls Destroyed . | . . . . . . . . . . . . . . . . . . Machines Disabled . | . . . . . . . . . . . . . . . . . . Actions | -11 -10 -10 -10 -9 -8 -7 -6 -5 -4 -4 -4 -4 -4 -3 -3 -2 -1 --------- Run | Yrd Mat Min Exi Min Mat Fac Fac Fac Fac Was Fac Upp Upp Res DSF Res Acc Total 7973 | 66 158 258 213 34 413 630 815 647 1558 414 297 567 200 6 73 850 774 Wait 797 | . . 11 . . 7 44 32 30 68 173 33 129 79 . . 88 103 Move 6655 | 43 153 235 207 30 362 554 739 555 1378 236 255 415 116 5 57 699 616 Hop 18 | . . . . . . 1 8 . 2 2 . . 4 . . . 1 Pick Up 57 | 3 . 4 3 . 2 5 10 6 10 . 2 1 . . 4 4 3 Fast Attach 55 | 4 1 . . 2 7 5 3 5 19 . . . . . . 6 3 Attach 25 | . . . . . . 8 2 2 3 . . . . 1 1 5 3 Detach 19 | . . . . . . 5 1 3 7 . . . . . . 1 2 Swap 23 | . . . . . . . 1 1 5 . 1 1 1 . 2 8 3 Drop 63 | . . 2 3 2 3 4 3 9 19 . 2 2 . . 4 9 1 Fire 64 | 16 4 3 . . . . 8 . 3 . . . . . . 8 22 Melee 185 | . . . . . 31 4 . 36 44 3 4 19 . . 5 22 17 Ram . | . . . . . . . . . . . . . . . . . . Kick . | . . . . . . . . . . . . . . . . . . Crush . | . . . . . . . . . . . . . . . . . . Escape Stasis 8 | . . . . . . . 8 . . . . . . . . . . Rewire . | . . . . . . . . . . . . . . . . . . Trap 4 | . . 3 . . 1 . . . . . . . . . . . . Miscellaneous . | . . . . . . . . . . . . . . . . . . Route ------- -11/Scrapyard -10/Materials (discovered 2 exits: [*Mat] / [*Min]) -10/Mines (discovered 2 exits: [*Mat] / *Exi) -10/Exiles (discovered 2 exits: [*Min x2]) -9/Mines -8/Materials -7/Factory -6/Factory (discovered 3 exits: *Fac / *Low x2) -5/Factory (discovered 5 exits: *Fac x4 / *Ext) -4/Factory (discovered 2 exits: *Upp x2) -4/Waste -4/Factory -4/Upper Caves -4/Upper Caves -3/Research -3/DSF -2/Research (discovered 4 exits: *Acc x3 / [*Qua]) -1/Access To Epsilon Eridani History --------- Turn | Location | Event 4 | -11/Scrapyard | Discovered new exit (range 15) 64 | -11/Scrapyard | Entered Materials 104 | -10/Materials | Discovered new exit (range 10) 142 | -10/Materials | Discovered new exit (range 18) 151 | -10/Materials | Entered Mines 163 | -10/Mines | Discovered new exit (range 13) 173 | -10/Mines | Found a hidden stash of uninstalled traps 292 | -10/Mines | Deemed a non-threat by the Exiles lab entrance 292 | -10/Mines | Discovered new exit (range 5) 294 | -10/Mines | Entered Exiles 301 | -10/Exiles | Discovered new exit (range 17) 313 | -10/Exiles | Met 8R-AWN 320 | -10/Exiles | Met EX-HEX 327 | -10/Exiles | Build established: Mutant 333 | -10/Exiles | Met EX-BIN 340 | -10/Exiles | Aligned with FarCom system 340 | -10/Exiles | Given EX-Vault access code 352 | -10/Exiles | Opened EX-Vault 355 | -10/Exiles | Found Chronowheel 366 | -10/Exiles | Warned to stay clear of 0b10 Research branches 379 | -10/Exiles | Met EX-DEC 397 | -10/Exiles | Discovered new exit (range 15) 403 | -10/Exiles | Left Exiles lab with Chronowheel 403 | -10/Exiles | Entered Mines 411 | -9/Mines | Discovered new exit (range 5) 422 | -9/Mines | Identified exit to Materials 423 | -9/Mines | Entered Materials 423 | -8/Materials | Evolved 4 slots: Propulsion x2, Utility x2 718 | -8/Materials | Discovered new exit (range 5) 719 | -8/Materials | Identified exit to Factory 720 | -8/Materials | Entered Factory 720 | -7/Factory | Evolved 2 slots: Utility x2 1011 | -7/Factory | Discovered new exit (range 12) 1014 | -7/Factory | Entered another Factory area 1014 | -6/Factory | Evolved 2 slots: Propulsion x1, Utility x1 1040 | -6/Factory | Discovered new exit (range 13) 1105 | -6/Factory | Identified exit to Lower Caves 1257 | -6/Factory | Build established: Scout 1296 | -6/Factory | Discovered new exit (range 7) 1297 | -6/Factory | Entered another Factory area 1297 | -5/Factory | Evolved 2 slots: Power x1, Propulsion x1 1333 | -5/Factory | Identified exit to DSF 1369 | -5/Factory | Discovered new exit (range 13) 1401 | -5/Factory | Identified exit to Extension 1525 | -5/Factory | Discovered new exit (range 12) 1578 | -5/Factory | Identified exit to Factory 1602 | -5/Factory | Entered another Factory area 1602 | -4/Factory | Evolved 2 slots: Utility x2 1630 | -4/Factory | Garrison activated, responded to threat 1911 | -4/Factory | Identified exit to Upper Caves 2037 | -4/Factory | Repaired Lgt. Deuterium Engine? 2086 | -4/Factory | Build established: Hacker-Sprinter 2276 | -4/Factory | Manually triggered Chute Trap 2276 | -4/Factory | Sucked down chute 2276 | -4/Factory | Entered Waste 2277 | -4/Waste | Met a frightened Derelict 2282 | -4/Waste | Spotted C-40 Crusher 2285 | -4/Waste | Spotted C-40 Crusher 2285 | -4/Waste | Spotted C-40 Crusher 2286 | -4/Waste | Spotted C-40 Crusher 2288 | -4/Waste | Spotted C-40 Crusher 2295 | -4/Waste | Spotted C-40 Crusher 2318 | -4/Waste | Warlord forces began an assault 2328 | -4/Waste | Allies destroyed C-40 Crusher 2350 | -4/Waste | Allies destroyed C-40 Crusher 2358 | -4/Waste | Allies destroyed C-40 Crusher 2360 | -4/Waste | Allies destroyed C-40 Crusher 2366 | -4/Waste | Allies destroyed C-40 Crusher 2372 | -4/Waste | Allies destroyed C-40 Crusher 2416 | -4/Waste | Discovered new exit (range 12) 2535 | -4/Waste | Entered Factory 2535 | -4/Factory | Accompanied by 17 allies 2611 | -4/Factory | Discovered exit to Upper Caves (range 6) 2664 | -4/Factory | Entered Upper Caves 2664 | -4/Upper Caves | Accompanied by 16 allies 2667 | -4/Upper Caves | Spotted B-86 Titan 2675 | -4/Upper Caves | Allies destroyed B-86 Titan 2753 | -4/Upper Caves | Learned location of Testing (-3) 2802 | -4/Upper Caves | Lost 5 allies 2917 | -4/Upper Caves | Discovered new exit (range 8) 2943 | -4/Upper Caves | Attracted the attention of an 0b10 checkpoint 2984 | -4/Upper Caves | Entered another Upper Caves area 2984 | -4/Upper Caves | Accompanied by 9 allies 3008 | -4/Upper Caves | Spotted B-86 Titan 3008 | -4/Upper Caves | Discovered new exit (range 5) 3103 | -4/Upper Caves | Entered Research 3103 | -3/Research | Accompanied by 1 ally 3103 | -3/Research | Evolved 2 slots: Propulsion x1, Utility x1 3106 | -3/Research | Identified exit to DSF 3106 | -3/Research | Entered DSF 3106 | -3/DSF | Accompanied by 1 ally 3130 | -3/DSF | Additional patrols routed to DSF 3146 | -3/DSF | Discovered new exit (range 10) 3158 | -3/DSF | Entered Research 3158 | -2/Research | Accompanied by 1 ally 3158 | -2/Research | Evolved 2 slots: Propulsion x1, Utility x1 3176 | -2/Research | Central database locked down 3312 | -2/Research | Discovered new exit (range 13) 3342 | -2/Research | Identified exit to Access 3552 | -2/Research | Entered Access 3552 | -1/Access | Evolved 2 slots: Utility x2 3564 | -1/Access | Hacking Suite fried by hacking feedback 3582 | -1/Access | Energy Cycler disabled 3625 | -1/Access | Spotted B-99 Colossus 3631 | -1/Access | Found Prototype Processor 3631 | -1/Access | Identified Spectral Analyzer 3761 | -1/Access | Discovered new exit (range 5) 3915 | -1/Access | Activated Chronowheel 3916 | *** | Escaped! Last Messages --------------- 03783_ Drone signal jammed. 03785_ Drone suffers critical hit (Impale). 03785_ Drone destroyed. 03788_ K-01 Serf collects debris. 03789_ Acquired 9 matter. 03792_ K-01 Serf collects debris. 03799_ K-01 Serf destroyed. 03804_ Sealed Heavy Doors breached. 03826_ Overload: Heat surge (+112). [Achievement: Overkill] 03845_ Terminal disabled. 03860_ Overload: Heat surge (+135). 03883_ Acquired 11 matter. 03893_ U-05 Engineer builds a Wall. 03901_ ALERT: Potential suspicious activity detected, Programmers report to Access Zone 1N. 03905_ ALERT: Suspicious intruders detected, dispatching Cutter reinforcements to area. 03913_ U-05 Engineer builds a Wall. 03915_ Spacetime feels off. Map ----- +----------------------------------------------------+ | ???????????????????????????# #????????? | | ???????????????????????????# #????????? | | ???????????????????????????# """"" #????????? | | ???????????????????????????# """""=* #??#?????? | | ???????????????????????????# """"" % #????????? | | ???????????????????????????# """""!! #????????? | | ???????????????????????????# """"" #????????? | | ???????????????????????????# """"" #????????? | | ???????????????????????????# ########## | | ???????????????????????????# # # | | ?????????????????????#?????# # # | | ????????????????????##############+###+## " # | | ????????????????# # """ # | | ????????????? ??# + """# | | ??????? ??????????#?################## # ] " # | | ???????????????????????#??##?????????# + # | | #?????##?????#??#????????????????????# # # | | ??? #??????#??????????????????????# # ! # | | #?????????????????????????##??# ########## | | #?#??#???????#????##??###?????# #????????? | | " #???????????########### ####### #??????#?? | | "" #??????????"?" #????????? | | """ ?????? BB????" #????????? | | " ????????BB??""" !%=########## | | ? ?? ???????" " ## | | ????????????"" " "@ ## | | ??????????? ???" " "" #" | | ????????????? ?"" " u## | | #?????????? ??BB " " ## | | ######????????BB??" " """ ## | | # #??##????????" """T""" ## | | # #?????#??????############ ####### ## | | # #????#????????#??#??????####?#?## ## | | + ##################?#??#??##?????# ########## | | # # """"""""""" #?????????#????# # | | ###### """" """" ###########???## # | | # # ! #????# + | | # # ##???# # | | # # " #?#??# # | | # # """ #????# # | | # # """ ##???# # | | # # " #????# # | | # # ?????# # | | ###############+#######? ???????# # | | ==# ##########+########## # | | /%+ # | | """""" # " ########## | | """""" # ##########+########## #????????? | | """""" #### ##???? ? ???????# #????????? | | """""" #??# #????? ?????# #???? ???? | +----------------------------------------------------+ Best States ------------- Heat Dissipation 83 Energy Generation 44 Energy Capacity 290 Matter Stores 300 Matter Capacity 300 Sight Range 22 Terrain Scan Range 20 Terrain Scan Density 710 ECM Strength 1 Jamming Range 16 Power Amplification 30 Phase Shifting 10 Evasion (%) 87 Offensive Hacking 30 Defensive Hacking 30 Item Schematics ----------------- Impulse Thruster Array | -5/Factory | Hacked Robot Schematics ------------------ None Fabricated ------------ Nothing Repaired ---------- Lgt. Deuterium Engine | 46% | -4/Factory Studied --------- Cesium-ion Thruster | -8/Materials | Hacked Maul | -8/Materials | Hacked Xenon Bombardment Thruster | -6/Factory | Hacked Nuclear Pulse Array | -4/Factory | Hacked Great Axe | -4/Factory | Hacked Mic. Antimatter Reactor | -2/Research | Hacked Field Propulsion Drive | -2/Research | Hacked Impulse Thruster | -2/Research | Hacked Enh. Nova Cannon | -2/Research | Hacked Field Propulsion Array | -1/Access | Hacked Alien Tech Used ----------------- None Achievements -------------- Overkill Challenges ------------ None Game ------ Seed StrikeBiometalSystem Manual? 0 Play Time 00:55:49 Cumulative 325.5 hours Start 2026.06.25 @ 15:45:34 End 2026.06.25 @ 16:41:32 Sessions 1 Manual Loads 0 Difficulty Rogue Special Mode None Game No. 209 Rogue 205 Adventurer 4 Explorer 0 Win Type 0 Total 94 Types 79/0/9/2/1/1/1/0/0/1 Lore% 90 Gallery% 71 Achievement% 70 Wizard Run 0 Options --------- Layout 0 ASCII 0 Keyboard 1 Movement Vi Keybinds 1 Fullscreen 2 Font 18/SmallcapsGlow Map View 76x50 Zoom Use 0% Tactical HUD 1 Map Filters NONE Filters NONE Steam 1 RUN: a446b537-7cf6-4481-99ca-9018a4a2a25e